 Dungeon Crawl Stone Soup version 0.21.1-1-g345015f (webtiles) character file.

41 Fang the Skirmisher (level 3, -2/36 HPs)
             Began as a Gargoyle Berserker on May 21, 2018.
             Was a Follower of Trog.
             Slain by a hobgoblin (3 damage)
             ... on level 2 of the Dungeon.
             The game lasted 00:01:18 (820 turns).

Fang the Skirmisher (Gargoyle Berserker)             Turns: 820, Time: 00:01:20

Health: -2/36      AC:  5    Str: 26    XL:     3   Next: 52%
Magic:  3/3        EV: 12    Int:  7    God:    Trog [*.....]
Gold:   85         SH:  0    Dex:  9    Spells: 2/2 levels left

rFire    + . .     SeeInvis .   a - +0 hand axe
rCold    + . .     Gourm    .   (no shield)
rNeg     + . .     Faith    .   b - +0 animal skin
rPois    ∞         Spirit   .   (no helmet)
rElec    +         Reflect  .   f - scarf {rC+ rF+}
rCorr    .         Harm     .   (no gloves)
MR       .....                  (no boots)
Stlth    ..........             (no amulet)
HPRegen  0.12/turn              (no ring)
MPRegen  0.08/turn              (no ring)

@: berserking, very quick
A: negative energy resistance 1, electricity resistance, unbreathing,
petrification resistance, rot immunity, AC +3
a: Berserk, Burn Spellbooks, Renounce Religion


You were on level 2 of the Dungeon.
You worshipped Trog.
Trog was aware of your devotion.
You were very hungry.

You visited 1 branch of the dungeon, and saw 2 of its levels.

You collected 85 gold pieces.

Inventory:

Hand Weapons
 a - a +0 hand axe (weapon)
Armour
 b - a +0 animal skin (worn)
 f - a scarf of resistance (worn)
Scrolls
 e - 2 scrolls of noise {unknown}
 g - a scroll of identify {unknown}
 j - a scroll of blinking {unknown}
 k - 2 scrolls of teleportation {unknown}
 m - a scroll of fear {unknown}
Potions
 d - a potion of brilliance {unknown}
 h - a potion of mutation {unknown}
 i - 2 potions of heal wounds {unknown}
 l - a potion of haste {unknown}
Comestibles
 c - 3 rations
 n - 2 chunks of flesh


   Skills:
 + Level 4.0 Fighting
 + Level 3.3 Axes
 + Level 2.4 Armour
 + Level 1.7 Dodging


You had 2 spell levels left.
You didn't know any spells.

Dungeon Overview and Level Annotations

Branches:
Dungeon (2/15)

Altars:


Innate Abilities, Weirdness & Mutations

You are resistant to torment.
Your stone body is resilient. (AC +3)
You are immune to poison.
You resist negative energy. (rN+)
You are resistant to electric shocks. (rElec)
You can survive without breathing.
You are immune to petrification.
You are immune to rotting.


Message History

You hit the gnoll.
You kill the gnoll!
Trog accepts your kill.
Your Fighting skill increases to level 4!
You hit the hobgoblin. The hobgoblin hits you.
The gnoll hits you from afar with a spear.
You barely miss the hobgoblin.
The hobgoblin is heavily wounded.
You hit the gnoll.
The hobgoblin hits you but does no damage.
The gnoll hits you from afar with a spear.
* * * LOW HITPOINT WARNING * * *
The gnoll barely misses you. The hobgoblin closely misses you.
A red film seems to cover your vision as you go berserk!
You feel yourself moving faster!
You feel mighty!
You are feeling very hungry.
The gnoll hits you but does no damage. The gnoll hits you with a club!
* * * LOW HITPOINT WARNING * * *
The hobgoblin hits you.
You die...

.......##....####>.......#
####.>.##.#### #........#
##.....# #..#######
##....# #.## ###..##...#
#.# #<)..#..#.# #.#
#...##...##..# ##.# #.##
..### .# #..# # ..# . #@##
...#


#ggg# ##.# ##.g. .. #.#.. .. ... .#. #### ... . ## You could see 2 gnolls and 2
hobgoblins.

Vanquished Creatures
  A gnoll (D:2)
  An adder (D:2)
  A bat (D:1)
  A giant cockroach (D:1)
  4 goblins
  4 hobgoblins
  3 jackals (D:1)
  2 kobolds (D:1)
  A ball python (D:2)
  A frilled lizard (D:2)
  2 rats
21 creatures vanquished.

Notes
Turn   | Place    | Note
-------+----------+-------------------------------------------
     0 | D:1      | Fang the Gargoyle Berserker began the quest for the Orb.
     0 | D:1      | Reached XP level 1. HP: 14/14 MP: 1/1
   263 | D:1      | Reached XP level 2. HP: 14/19 MP: 2/2
   652 | D:2      | Reached XP level 3. HP: 16/24 MP: 3/3
   818 | D:2      | Reached skill level 4 in Fighting
   820 | D:2      | HP: 1/36 [gnoll/club (9)]
   820 | D:2      | Slain by a hobgoblin

Skill      XL: |  1  2  3 |
---------------+----------+-----
Axes           | 3 |  3.3
Fighting       | 4 |  4.0
Armour         | |  2.4
Dodging        | |  1.7

Action                   || total
-------------------------++-------
Melee: Hand axe          ||    67
Invok: Berserk           ||     2
Armor: Animal skin       ||    29
Dodge: Dodged            ||    51
